 Dungeon Crawl Stone Soup version 0.17-a0-1945-gfe993df (webtiles) character file.

116 shakdrar the Shield-Bearer (level 5, 0/63 HPs)
             Began as a Formicid Fighter on Sept 30, 2015.
             Was an Initiate of Ashenzari.
             Slain by Terence
             ... wielding a +2 short sword of venom
              (1 damage)
             ... on level 3 of the Dungeon.
             The game lasted 00:11:00 (2335 turns).

shakdrar the Shield-Bearer (Formicid Fighter)       Turns: 2335, Time: 00:11:00

Health: 0/63       AC: 22    Str: 22    XL:     5   Next: 21%
Magic:  5/5        EV:  2    Int:  7    God:    Ashenzari [......]
Gold:   96         SH:  9    Dex: 10    Spells: 0 memorised, 4 levels left

rFire  . . .     SeeInvis .     a - +0 trident
rCold  . . .     Clarity  .     (armour currently unavailable)
rNeg   + + +     SustAt   .     c - +0 shield
rPois  +         Gourm    .     (helmet unavailable)
rElec  .         Spirit   .     (cloak currently unavailable)
rCorr  .         Warding  .     (gloves currently unavailable)
rMut   .         Stasis   +     (boots currently unavailable)
MR     .....                    (no amulet)
Stlth  +.........               (no ring)
                                (no ring)

@: lethally poisoned (0 -> -35), tree-form, not resistant to hostile
enchantments, very unstealthy
A: permanent stasis, dig shafts and tunnels, four strong arms, (antennae 0),
mutation resistance 1
a: Renounce Religion


You were on level 3 of the Dungeon.
You worshipped Ashenzari.
Ashenzari was noncommittal.
You were not hungry.
You were a tree.
You visited 1 branch of the dungeon, and saw 3 of its levels.

You collected 96 gold pieces.

Inventory:

Hand weapons
 a - a +0 trident (weapon)
Armour
 b - a +0 scale mail (melded)
 c - a +0 shield (worn)
 h - a +0 large shield
Scrolls
 g - a scroll of fog {unknown}
 j - 4 scrolls of identify
 k - 2 scrolls of enchant weapon {unknown}
 l - 3 scrolls of teleportation
 s - a scroll of recharging {unknown}
Potions
 d - a potion of might
 p - a potion of mutation
 q - a potion of flight
 t - a potion of magic
Comestibles
 e - 3 bread rations
 f - a beef jerky
 n - 2 meat rations
 r - a slice of pizza


   Skills:
 + Level 4.0 Fighting
 * Level 3.7 Polearms
 + Level 3.8 Armour
 + Level 4.2 Shields


You had 4 spell levels left.
You didn't know any spells.

Dungeon Overview and Level Annotations

Branches:
Dungeon (3/15)

Altars:
Ashenzari
Makhleb
Sif Muna
The Shining One

Annotations:
D:3 Terence; ololoev's ghost, weakling HEFi


Innate Abilities, Weirdness & Mutations

You are under a permanent stasis effect.
You can dig through walls and to a lower floor.
Your four strong arms can wield two-handed weapons with a shield.
((You have a pair of large antennae on your head (SInv).))
You are somewhat resistant to further mutation.


Message History

You feel very sick. You block Terence's attack.
Drink which item? (? for menu, Esc to quit)
You turn into a tree.
Your +0 scale mail melds into your body.
Your roots penetrate the ground.
* * * LOW HITPOINT WARNING * * *
You feel very sick.
Unknown command.
You closely miss Terence.
Terence is severely wounded.
* * * LOW HITPOINT WARNING * * *
You feel very sick. Terence hits you but does no damage.
You hit Terence but do no damage.
Terence is severely wounded.
* * * LOW HITPOINT WARNING * * *
You feel very sick.
Terence hits you with a short sword of venom.
You die...

....... . .........
≈≈≈≈..... # ≈≈≈≈8....
### .# ≈≈≈..... ..##.
........w#. ... )##
..... #.>. #.# ...
...## #.. #♣#
#.##...####. #@#
#...........
####S#######...##.###
#...l..{<....w.....#.
#.................[...
##......###.........#.
######## ############
#


You could see Terence, an adder and a giant newt.

Vanquished Creatures
  4 adders (D:2)
  An ooze (D:2)
  6 bats
  4 giant cockroaches
  6 hobgoblins
  12 jackals
  2 quokkas (D:2)
  4 giant geckos
  4 giant newts
  4 goblins
  5 kobolds
  23 rats
75 creatures vanquished.

Notes
Turn   | Place    | Note
--------------------------------------------------------------
     0 | D:1      | shakdrar the Formicid Fighter began the quest for the Orb.
     0 | D:1      | Reached XP level 1. HP: 18/18 MP: 1/1
   177 | D:1      | Reached XP level 2. HP: 18/24 MP: 2/2
   462 | D:1      | Reached XP level 3. HP: 27/29 MP: 3/3
  1313 | D:2      | Found a burning altar of Makhleb.
  1383 | D:2      | Reached XP level 4. HP: 29/36 MP: 4/4
  1399 | D:2      | Found a deep blue altar of Sif Muna.
  1442 | D:2      | Reached skill level 4 in Shields
  1458 | D:2      | Found a shattered altar of Ashenzari.
  1554 | D:2      | Became a worshipper of Ashenzari the Shackled
  1606 | D:2      | Gained mutation: You are somewhat resistant to further mutation. [potion of beneficial mutation]
  1759 | D:2      | Found a glowing golden altar of the Shining One.
  1847 | D:2      | Reached XP level 5. HP: 39/42 MP: 5/5
  2221 | D:3      | Noticed Terence
  2221 | D:3      | Noticed a hippogriff
  2221 | D:3      | Noticed ololoev's ghost (weakling HEFi)
  2335 | D:3      | HP: 1/63 [poison (a potion of poison)]
  2335 | D:3      | Slain by Terence

Vault maps used:
D:1:      nicolae_arrival_somewhat_less_tricky_arrival
D:2:      nicolae_ashenzari_panopticon, old_standard_altar, old_standard_altar,
          lemuel_blue_sif_altar, minmay_rat_hole
D:3:      xom_teletrap_fun, serial_park_tiny_pond, uniq_terence

Action                   |  1- 3 |  4- 6 || total
-------------------------+-------+-------++-------
Melee: Trident           |   109 |   151 ||   260
  Use: Scroll            |     2 |     3 ||     5
       Potion            |       |     4 ||     4
 Stab: Distracted        |       |     1 ||     1
  Eat: Chunk             |     1 |     4 ||     5
